 Dungeon Crawl Stone Soup version 0.30.0-19-g36f170ea60 (webtiles) character file.

Game seed: 17270143666684568400

72 tizbic2 the Trooper (level 4, -1/45 HPs)
             Began as an Ogre Gladiator on May 29, 2023.
             Killed from afar by Sigmund (3 damage)
             ... with a magic dart
             ... on level 3 of the Dungeon.
             The game lasted 00:06:37 (1318 turns).

tizbic2 the Trooper (Ogre Gladiator)                Turns: 1318, Time: 00:06:38

Health: -1/45      AC:  4    Str: 20    XL:     4   Next: 25%
Magic:  4/4        EV:  7    Int:  9    God:
Gold:   93         SH:  0    Dex: 10    Spells: 3/3 levels left

rFire   . . .        e - +1 mace
rCold   + . .        (no shield)
rNeg    . . .        a - +0 robe
rPois   .            b - +1 hat
rElec   .            (no cloak)
rCorr   .            (gloves unavailable)
SInv    .            (boots unavailable)
Will    .....        (no amulet)
Stlth   +            m - ring of protection from cold
HPRegen 0.27/turn    (no ring)
MPRegen 0.09/turn

%: no passive effects
@: grasped by roots, constricted, invisible
A: large, unfitting armour, tough skin 1
a: no special abilities


You were on level 3 of the Dungeon.
You visited 1 branch of the dungeon, and saw 3 of its levels.

You collected 93 gold pieces.

Inventory:

Hand Weapons
 e - a +1 mace (weapon)
Missiles
 c - 2 throwing nets (quivered)
 j - 27 stones
Armour
 a - a +0 robe (worn)
 b - a +1 hat (worn)
Jewellery
 h - an amulet of faith
 m - a ring of protection from cold (left hand)
Scrolls
 f - a scroll of identify
 k - a scroll of poison
Potions
 n - a potion of degeneration {unknown}
 o - a potion of might {unknown}


   Skills:
 + Level 3.5 Fighting
 + Level 2.5 Throwing
 * Level 3.3 Dodging
 * Level 3.3 Unarmed Combat


You had 3 spell levels left.
You didn't know any spells.
Your spell library contained the following spells:

 Spells                   Type           Power      Damage    Failure   Level
 Static Discharge         Conj/Air       0%         2-2/arc   52%         2
 Airstrike                Air            0%         2d(0-16)  99%         4
 Summon Lightning Spire   Summ/Air       0%         N/A       99%         4


Dungeon Overview and Level Annotations

Branches:
Dungeon (3/15)

Altars:

Annotations:
D:3 Sigmund


Innate Abilities, Weirdness & Mutations

You are too large for most types of armour.
You have tough skin. (AC +1)


Message History

Throw: large rock
Press: ? - help, Shift-Dir - straight line, f - Sigmund
Aim: Sigmund, wielding a +0 scythe, wearing a +0 robe and carrying a wand of roots (11) (translocational energy, severely wounded, 53% to hit)
You throw a large rock.
The large rock closely misses the kobold.
The large rock barely misses Sigmund.
Throw: 3 darts (poison)
Press: ? - help, Shift-Dir - straight line, f/p - Sigmund
Aim: Sigmund, wielding a +0 scythe, wearing a +0 robe and carrying a wand of roots (11) (severely wounded, 53% to hit)
You throw a poisoned dart.
The poisoned dart barely misses the kobold.
The poisoned dart completely misses Sigmund.
Sigmund casts a spell.
Sigmund flickers and vanishes!
Deactivating autopickup; reactivate with Ctrl-A.
Throw: 2 darts (poison)
Press: ? - help, Shift-Dir - straight line You throw a poisoned dart.
The poisoned dart hits the kobold.
The kobold is poisoned.
Throw: dart (poison)
Press: ? - help, Shift-Dir - straight line You throw a poisoned dart.
The poisoned dart hits the kobold.
The kobold looks even sicker.
The kobold is moderately wounded.
You kill the kobold!
You hear a zap.
The roots erupt in riotous growth!
The grasping roots grab you!
You are constricted.
* * * LOW HITPOINT WARNING * * *
Throw: 3 throwing nets
Press: ? - help, Shift-Dir - straight line You throw a throwing net.
You are constricted.
* * * LOW HITPOINT WARNING * * *
It was a potion of invisibility.
You fade into invisibility!
A magic dart appears from out of thin air!
The magic dart hits you.
You die...

#...#........#
#§###........#
#§######.......
#####§☼§.# .......
#...§§§§☼# ###....
#....#§§§##########
#....##§§§☼§§.....#
#...○###§☼§○#####.#
#...§☼§{☼)§@§####.#
##.#§§.#§§§§○§§§§§#
#.#...#§§§#§§##§§#
#####§§§#☼§# #
#####§☼§# §#§# §#§#
§#§☼ .# ##


There were no monsters in sight!

Vanquished Creatures
  An adder (D:2)
  A dart slug (D:1)
  4 bats (D:1)
  9 endoplasms
  5 giant cockroaches
  4 goblins (D:1)
  4 hobgoblins
  4 jackals (D:2)
  3 quokkas
  5 ball pythons
  4 frilled lizards
  7 kobolds
  2 rats (D:1)
53 creatures vanquished.

Notes
Turn   | Place    | Note
-------+----------+-------------------------------------------
     0 | D:1      | tizbic2 the Ogre Gladiator began the quest for the Orb.
     0 | D:1      | Reached XP level 1. HP: 22/22 MP: 1/1
    86 | D:1      | Reached XP level 2. HP: 21/29 MP: 2/2
   348 | D:1      | Reached XP level 3. HP: 36/37 MP: 3/3
   699 | D:2      | Found a faded altar of an unknown god.
   931 | D:2      | Reached XP level 4. HP: 42/45 MP: 4/4
  1301 | D:3      | Noticed Sigmund
  1317 | D:3      | HP: 2/45 [something (3)]
  1318 | D:3      | Killed from afar by Sigmund

Illustrated notes

Levels and vault maps discovered:
D:1:      psy_arrival_spokes, layout_basic, minmay_distorted
D:2:      layout_rooms, shapermc_ecumenical_altar_notcrosses
D:3:      layout_basic, minmay_curled_crystal, uniq_jessica, uniq_sigmund

Skill      XL: |  1  2 |
---------------+-------+-----
Fighting       | 3 |  3.5
Unarmed Combat | 3 |  3.3
Dodging        | 3 |  3.3
Throwing       | |  2.5

Action                     |  1- 3 |  4- 6 || total
---------------------------+-------+-------++-------
  Melee: Unarmed           |    42 |    28 ||    70
         Mace              |    83 |    10 ||    93
         Punch             |     4 |       ||     4
  Throw: Large rock        |     1 |     1 ||     2
         Dart              |       |     3 ||     3
         Throwing net      |       |     1 ||     1
    Use: Scroll            |     7 |     3 ||    10
         Potion            |     1 |     2 ||     3
 Armour: Robe              |    63 |     5 ||    68
  Dodge: Dodged            |    85 |    18 ||   103
